 Dungeon Crawl Stone Soup version 0.29.1-15-g9cfb28693d (webtiles) character file.

Game seed: 17565119611900559318

1501 H0rd4k the Insei (level 8, -1/55 HPs)
             Began as an Octopode Artificer on Mar 6, 2023.
             Slain by an orc
             ... wielding a +0 halberd
              (13 damage)
             ... in a bailey on Mar 7, 2023.
             The game lasted 00:08:29 (8915 turns).

H0rd4k the Insei (Octopode Artificer)               Turns: 8915, Time: 00:08:29

Health: -1/55      AC:  1    Str: 12    XL:     8   Next: 81%
Magic:  14/14      EV: 13    Int: 15    God:
Gold:   414        SH:  0    Dex: 12    Spells: 16/16 levels left

rFire   x . .      SeeInvis .     - Unarmed
rCold   + + .      Faith    .   (no shield)
rNeg    . . .      Spirit   .   (helmet restricted)
rPois   .          Reflect  .   (no amulet)
rElec   .          Harm     .   g - ring of ice
rCorr   +          Rampage  .   h - ring of resist corrosion
Will    .....                   i - ring of protection from cold
Stlth   ++++......              (no ring)
HPRegen 0.18/turn               (no ring)
MPRegen 0.14/turn               (no ring)
                                (no ring)
                                (no ring)

@: no status effects
A: almost no armour, amphibious, 8 rings, camouflage 1, gelatinous body 1,
nimble swimmer 1, tentacles
a: no special abilities


You were in a bailey.
You visited 2 branches of the dungeon, and saw 8 of its levels.
You also visited: Bailey.

You collected 414 gold pieces.

Inventory:

Missiles
 a - 4 silver boomerangs
 j - a throwing net
 q - 4 atropa-tipped darts
 w - 6 poisoned darts
Jewellery
 g - a ring of ice (left tentacle)
 h - a ring of resist corrosion (right tentacle)
 i - a ring of protection from cold (on tentacle)
 n - a ring of protection from cold
Wands
 b - a wand of mindburst (9) (quivered)
 c - a wand of charming (2)
Scrolls
 e - 4 scrolls of immolation {unknown}
 f - 11 scrolls of identify {unknown}
 k - a scroll of fear {unknown}
 l - 2 scrolls of teleportation {unknown}
 o - 2 scrolls of amnesia {unknown}
 p - a scroll of vulnerability {unknown}
 s - a scroll of blinking {unknown}
 t - a scroll of torment {unknown}
 u - a scroll of magic mapping {unknown}
 x - a scroll of poison {unknown}
 y - a scroll of noise {unknown}
 A - 2 scrolls of silence {unknown}
 B - a scroll of butterflies {unknown}
Potions
 d - 2 potions of flight
 m - a potion of mutation {unknown}
 r - a potion of curing
 v - a potion of haste {unknown}
 z - a potion of degeneration {unknown}


   Skills:
 + Level 5.0 Fighting
 - Level 2.3 Dodging
 - Level 1.3 Stealth
 - Level 7.6 Unarmed Combat
 * Level 4.6 Spellcasting
 - Level 3.2 Evocations


You had 16 spell levels left.
You didn't know any spells.
Your spell library contained the following spells:

 Spells                   Type           Power      Damage    Failure   Level
 Beastly Appendage        Tmut           6%         N/A       17%         1
 Sandblast                Erth           6%         2d5       17%         1
 Passwall                 Tmut/Erth      2%         N/A       26%         2
 Scorch                   Fire           6%         2d5       26%         2
 Wereblood                Tmut           3%         N/A       26%         2
 Spider Form              Tmut/Pois      3%         N/A       45%         3
 Stone Arrow              Conj/Erth      6%         3d7       45%         3
 Flame Wave               Conj/Fire      3%         2d5       86%         4
 Summon Cactus Giant      Summ           1%         N/A       100%        6


Dungeon Overview and Level Annotations

Branches:
Dungeon (7/15)             Temple (1/1) D:5          Bailey (1/1)

Altars:
Ashenzari
Cheibriados
Dithmenos
Elyvilon
Fedhas
Hepliaklqana
Kikubaaqudgha
Makhleb
Nemelex Xobeh
Okawaru
Qazlal
Ru
Trog
Uskayaw
Vehumet
Wu Jian
Xom
Yredelemnul
Zin
The Shining One

Shops:
D:1 =

Annotations:
D:4 2 runed translucent doors, exclusion: 2 doors, laros's ghost, amateur MiBe


Innate Abilities, Weirdness & Mutations

You cannot wear most types of armour.
You are amphibious.
You can wear up to eight rings at the same time.
Your skin changes colour to match your surroundings (Stealth+).
Your rubbery body absorbs attacks. (AC +1, EV +1)
You are camouflaged when in or above water. (Stealth+)
You have tentacles for arms and can constrict up to eight enemies at once.


Message History

Your centaur barely misses the orc warrior.
Your centaur kicks the orc warrior but does no damage.
The orc barely misses your centaur.
There is an open door here.
Your centaur hits the orc warrior but does no damage.
Your centaur barely misses the orc warrior.
The orc barely misses your centaur.
The orc warrior hits your centaur with a +0 halberd!!
Your centaur dies!
An orc comes into view. It is wielding a +0 halberd.
The orc warrior shouts!
The orc shouts!
The orc closely misses you. The orc warrior barely misses you.
You barely miss the orc. You grab the orc.
You squeeze the orc, but do no damage. You constrict the orc.
The orc struggles to escape constriction.
The orc warrior hits you from afar with a +0 halberd!
You tentacle-slap the orc but do no damage.
The orc is lightly wounded.
You constrict the orc. The orc closely misses you.
The orc warrior hits you from afar with a +0 halberd!!
You tentacle-slap the orc but do no damage.
The orc is moderately wounded.
You constrict the orc. You bludgeon the orc!
You kill the orc!
The orc warrior misses you. The orc completely misses you.
There is an open door here.
Aiming: Mindburst
Press: ? - help, Shift-Dir - straight line, f - orc warrior
Aim: an orc warrior, wielding a +0 halberd and wearing a +0 plate armour (severely wounded, chance to affect: 77%)
The orc warrior's mind is blasted!!
You blow up the orc warrior!
Your Fighting skill increases to level 5!
The orc hits you with a +0 halberd!
* * * LOW HITPOINT WARNING * * *
You tentacle-slap the orc but do no damage.
You grab the orc.
You constrict the orc, but do no damage.
The orc hits you with a +0 halberd!
You die...

######### ##≈≈≈≈≈≈≈##
##≈≈≈...≈≈≈##
######≈≈⌠.....)≈≈####
##$#≈≈@≈......)..≈≈≈≈#
##..#.o....≈≈≈≈≈).....#
#≈..#.....≈≈.))≈≈.....#
#≈..'..≈.≈≈.≈.≈)≈≈)≈..+
#≈..#.≈≈.≈.≈≈.≈≈.≈.≈≈.#
#≈..#.≈.≈≈.≈...≈.≈≈.≈.#
#≈.)#.≈.≈.≈≈...≈≈.≈.≈.#
#≈..#.≈.≈.≈.⌠∩⌠.≈.≈.≈.#
#≈..#.≈.≈.≈..∩..≈.≈.≈.#


You could see an orc.

Vanquished Creatures
  A water moccasin (D:5)
  An orc warrior (Bailey)
  An ogre (D:7)
  2 phantoms (D:5)
  5 scorpions
  3 hounds
  A jelly (D:6)
  An orc priest (D:6)
  6 iguanas
  2 orc wizards (D:6)
  5 adders
  6 gnolls
  A shadow imp (D:5)
  A white imp (D:6)
  3 worms
  A dart slug (D:1)
  19 orcs
  10 ball pythons
  6 bats
  13 endoplasms
  5 giant cockroaches
  17 goblins
  7 hobgoblins
  9 kobolds
  2 quokkas (D:5)
  5 frilled lizards
  4 rats
137 creatures vanquished.

Vanquished Creatures (collateral kills)
  A black bear (D:5)
  A gnoll sergeant (D:5)
  An orc wizard (D:5)
  A gnoll (D:5)
  2 orcs
  2 giant cockroaches (D:2)
8 creatures vanquished.

Vanquished Creatures (others)
  A centaur (Bailey)
  An orc wizard (D:5)
  2 gnolls (D:5)
4 creatures vanquished.

Grand Total: 149 creatures vanquished

Notes
Turn   | Place    | Note
-------+----------+-------------------------------------------
     0 | D:1      | H0rd4k the Octopode Artificer began the quest for the Orb.
     0 | D:1      | Reached XP level 1. HP: 13/13 MP: 1/1
   320 | D:1      | Reached XP level 2. HP: 10/18 MP: 3/3
   322 | D:1      | Reached skill level 1 in Spellcasting
  1050 | D:1      | Reached XP level 3. HP: 24/24 MP: 5/5
  1052 | D:1      | Found Eni Tasui's Jewellery Shoppe.
  1277 | D:2      | Identified the +5 ring mail "Oxzelus" {rPois}
  1482 | D:2      | Reached skill level 1 in Unarmed Combat
  1484 | D:2      | Reached XP level 4. HP: 25/29 MP: 6/6
  1928 | D:2      | Reached skill level 2 in Unarmed Combat
  2489 | D:2      | Reached XP level 5. HP: 35/35 MP: 8/8
  3176 | D:3      | Found a white marble altar of Elyvilon.
  3279 | D:3      | Found a sacrificial altar of Ru.
  4188 | D:4      | Found a shadowy altar of Dithmenos.
  4616 | D:4      | Reached skill level 3 in Unarmed Combat
  4616 | D:4      | Reached XP level 6. HP: 33/42 MP: 9/9
  4832 | D:4      | Found a large runed translucent door.
  4832 | D:4      | Found a large runed translucent door.
  4838 | D:4      | Noticed laros's ghost (amateur MiBe)
  5105 | D:5      | Entered Level 5 of the Dungeon
  5297 | D:5      | Reached skill level 4 in Unarmed Combat
  5362 | D:5      | HP: 1/42 [gnoll sergeant/+0 spear (10)]
  5713 | D:5      | Found a broken altar of Ashenzari.
  5936 | D:5      | Found a staircase to the Ecumenical Temple.
  5939 | D:5      | Reached XP level 7. HP: 27/46 MP: 11/11
  5943 | Temple   | Entered the Ecumenical Temple
  5943 | Temple   | Found a transporter.
  5943 | Temple   | Found a transporter.
  6067 | Temple   | Found a transporter.
  6067 | Temple   | Found a transporter.
  6116 | D:5      | Reached skill level 5 in Unarmed Combat
  6465 | D:5      | Reached skill level 6 in Unarmed Combat
  6663 | D:5      | Found a hazy altar of Hepliaklqana.
  6701 | D:5      | Reached XP level 8. HP: 17/54 MP: 13/13
  7231 | D:5      | Found a burning altar of Makhleb.
  7231 | D:5      | Noticed a balrug
  7399 | D:5      | Found a blossoming altar of Fedhas.
  7399 | D:5      | Found a bloodstained altar of Trog.
  7776 | D:6      | Reached skill level 7 in Unarmed Combat
  7918 | D:6      | Found a hide-covered altar of Uskayaw.
  8242 | D:7      | Found a flagged portal.
  8472 | Bailey   | Entered a bailey
  8914 | Bailey   | Reached skill level 5 in Fighting
  8915 | Bailey   | Slain by an orc

Illustrated notes

Levels and vault maps discovered:
D:1:      dpeg_arrival_three_smaller_balls, layout_rooms, serial_shops,
          nicolae_shop_behind_doors, corner_web_ring
D:2:      wad_river_or_something, layout_basic, minmay_worlds_worst_comb
D:3:      layout_loops_ring, mainiacjoe_overflow_catwalk, old_standard_altar,
          chequers_serial_rivers_room_b, hangedman_decor_peaks_small
D:4:      layout_rooms, grunt_dithmenos_smoke_and_mirrors,
          ebering_ghost_disaster_area, dreamdust_wishing_well
D:5:      layout_gridville, makhleb_altar_promises_db,
          nicolae_overflow_crystal_walls, nicolae_hepliaklqana_hippocampus,
          gammafunk_temple_overflow_statue, minmay_temple_entry_mini_moons,
          serial_glass, glass_columns_b, glass_columns_b, glass_columns_c,
          glass_columns_b, glass_columns_b, glass_columns_b, feat_on_display,
          item_on_display_a, minmay_strange_pillars
D:6:      layout_basic, old_standard_altar, kennysheep_opposing_triangles
D:7:      kennysheep_spiral_hall, layout_basic, enter_bailey_3, st_stairs_13,
          uniq_crazy_yiuf_cottage, uniq_menkaure
Temple:   hellmonk_temple_divided_pantheon
Bailey:   bailey_polearm_flooded_kennysheep, bailey

Skill      XL: |  1  2  3  4  5  6  7  8 |
---------------+-------------------------+-----
Spellcasting   | 1 2 3 4 |  4.6
Fighting       | 2 3 4 5 |  5.0
Unarmed Combat | 1 2 3 4 6 7 |  7.6
Dodging        | |  2.3
Stealth        | |  1.3
Evocations     | |  3.2

Action                   |  1- 3 |  4- 6 |  7- 9 || total
-------------------------+-------+-------+-------++-------
Melee: Unarmed           |    64 |   172 |   119 ||   355
       Constrict         |    18 |    43 |    24 ||    85
       Tentacles         |    12 |    42 |    34 ||    88
       Punch             |     2 |     6 |     8 ||    16
Evoke: Wand              |     4 |    12 |    19 ||    35
  Use: Potion            |     2 |     2 |       ||     4
 Stab: Sleeping          |     6 |    10 |     3 ||    19
       Distracted        |       |     1 |     1 ||     2
Armor: Skin              |    11 |     6 |    10 ||    27
Dodge: Dodged            |    44 |    85 |    88 ||   217
